 Dungeon Crawl Stone Soup version 0.28-a0-1234-g826d19b2e0 (console) character file.

Game seed: 1015218803120671383

59 jejorda2 the Chopper (level 3, 0/46 HPs)
             Began as a Palentonga Berserker on Dec 23, 2021.
             Was a Follower of Trog.
             Shot with a stone by a goblin (5 damage)
             ... led by Robin
             ... on level 2 of the Dungeon.
             The game lasted 00:03:59 (1732 turns).

jejorda2 the Chopper (Palentonga Berserker)         Turns: 1732, Time: 00:04:00

Health: 0/46       AC:  5    Str: 22    XL:     3   Next: 78%
Magic:  3/3        EV:  9    Int:  7    God:    Trog [*.....]
Gold:   34         SH:  0    Dex:  9    Spells: 2/2 levels left

rFire   . . .      SeeInvis +   a - +0 war axe
rCold   . . .      Faith    .   (no shield)
rNeg    . . .      Spirit   .   b - +0 animal skin
rPois   .          Reflect  .   (no helmet)
rElec   .          Harm     .   e - +0 cloak
rCorr   .          Rampage  .   (no gloves)
Will    .....                   (no barding)
Stlth   ..........              (no amulet)
HPRegen 0.15/turn               (no ring)
MPRegen 0.08/turn               (no ring)

@: berserking, very quick
A: large, rugged brown scales 3, see invisible, deformed body, roll 1, armoured
tail
a: Rolling Charge, Renounce Religion, Berserk


You were on level 2 of the Dungeon.
You worshipped Trog.
Trog was aware of your devotion.
You visited 1 branch of the dungeon, and saw 2 of its levels.

You collected 34 gold pieces.

Inventory:

Hand Weapons
 a - a +0 war axe (weapon)
Missiles
 c - 6 javelins
 d - 16 poisoned darts
Armour
 b - a +0 animal skin (worn)
 e - a +0 cloak (worn)
Scrolls
 g - a scroll of summoning {unknown}
 h - a scroll of teleportation {unknown}
 i - a scroll of magic mapping {unknown}
 j - a scroll of identify {unknown}
 m - a scroll of silence {unknown}
Potions
 f - a potion of haste {unknown}
 k - a potion of berserk rage {unknown}
 l - a potion of brilliance {unknown}
 n - a potion of invisibility {unknown}


   Skills:
 + Level 3.5 Fighting
 * Level 4.0 Axes
 + Level 2.1 Armour
 - Level 1.5 Dodging


You had 2 spell levels left.
You didn't know any spells.
Your spell library was empty.

Dungeon Overview and Level Annotations

Branches:
Dungeon (2/15)

Altars:

Shops:
D:1 =   D:2 *

Annotations:
D:2 Robin


Innate Abilities, Weirdness & Mutations

You are completely covered in rugged brown scales. (AC +3, +7% HP)
You have supernaturally acute eyesight. (SInv)
Armour fits poorly on your strangely shaped body.
You can roll at nearby foes to attack.
You have a long armoured tail.


Message History

Trog accepts your kill.
You can now call upon Trog for regeneration and willpower.
You closely miss the goblin.
The goblin hits you but does no damage. x3
You slash the goblin!
You kill the goblin!
Trog accepts your kill.
You slash the goblin!
You kill the goblin!
Trog accepts your kill. The goblin hits you with a +0 dagger.
A red film seems to cover your vision as you go berserk!
You feel yourself moving faster!
You feel mighty!
You can no longer call upon Trog for regeneration and willpower.
Robin hits you from afar with a +2 spear of flaming.
Robin burns you. The goblin hits you but does no damage.
You barely miss the goblin.
Your tail-slap misses the goblin.
Robin throws the goblin at you! The goblin hits you with a +0 dagger.
* * * LOW HITPOINT WARNING * * *
The goblin hits you but does no damage.
You barely miss the goblin. You tail-slap the goblin.
You kill the goblin!
Trog accepts your kill.
You slash the goblin!
You kill the goblin!
Trog accepts your kill. Robin barely misses you.
Your Axes skill increases to level 4!
You hit the hobgoblin.
The hobgoblin is severely wounded.
The goblin no longer looks unusually strong.
The hobgoblin barely misses you.
Robin hits you from afar with a +2 spear of flaming.
* * * LOW HITPOINT WARNING * * *
Robin burns you.
* * * LOW HITPOINT WARNING * * *
You slice the hobgoblin!!
You kill the hobgoblin!
Trog accepts your kill.
The goblin shoots a stone.
The stone hits you.
You die... ##..## ..... ##...# ##....# ..r.. ggw

#.# #)# #.# #@# #.#
#)# #.# ##'## #.#
##...## #.###
##.....## #.#.##
##.......#
####....####.........#
..........†'.........+
####....####.........#


You could see a worm, Robin, a goblin and a rat.

Vanquished Creatures
  2 adders (D:2)
  2 worms (D:2)
  A dart slug (D:1)
  2 endoplasms (D:1)
  9 goblins
  3 hobgoblins (D:2)
  5 kobolds
  A quokka (D:1)
  2 ball pythons (D:1)
  2 bats (D:1)
  A frilled lizard (D:1)
  5 rats
35 creatures vanquished.

Notes
Turn   | Place    | Note
-------+----------+-------------------------------------------
     0 | D:1      | jejorda2 the Palentonga Berserker began the quest for the
                  | Orb.
     0 | D:1      | Reached XP level 1. HP: 19/19 MP: 1/1
   266 | D:1      | Reached XP level 2. HP: 25/25 MP: 2/2
   606 | D:1      | Found Hareus's Jewellery Emporium.
   865 | D:1      | Found a faded altar of an unknown god.
  1057 | D:2      | Found Avaasyer's Assorted Antiques.
  1095 | D:2      | Reached XP level 3. HP: 11/31 MP: 3/3
  1720 | D:2      | Noticed Robin
  1726 | D:2      | Reached ** piety under Trog
  1731 | D:2      | Reached skill level 4 in Axes
  1732 | D:2      | Shot with a stone by a goblin

Illustrated notes

Levels and vault maps discovered:
D:1:      psy_arrival_radial02, layout_basic,
          shapermc_ecumenical_altar_mp_vishouse, serial_shops, shop_statue
D:2:      layout_loops_corners, serial_shops, shop, uniq_jessica, uniq_robin

Skill      XL: |  1  2  3 |
---------------+----------+-----
Armour         | 2 |  2.1
Axes           | 4 |  4.0
Fighting       | |  3.5
Dodging        | |  1.5

Action                   || total
-------------------------++-------
Melee: Hand axe          ||    58
       Tailslap          ||     8
       War axe           ||    25
Invok: Berserk           ||     4
 Abil: Rolling Charge    ||    23
Armor: Animal skin       ||    21
Dodge: Dodged            ||    32

Table legend: (Time is in decaauts)
 A = Elapsed time spent in this place.
 B = Non-inter-level travel time spent in this place.
 C = Inter-level travel time spent in this place.
 D = Time resting spent in this place.
 E = Time spent auto-exploring this place.
 F = Levels seen in this place.
 G = Mean time per level.
                   A        B        C        D        E       F      G
               +--------+--------+--------+--------+--------+-----+--------+
         Total |   1772 |   1728 |     44 |    131 |   1380 |   2 |  886.0 |
       Dungeon |   1772 |   1728 |     44 |    131 |   1380 |   2 |  886.0 |
               +--------+--------+--------+--------+--------+-----+--------+

Top non-repeatable levels by time:
     D:1: 1117 daAuts
     D:2: 654 daAuts
